 Dungeon Crawl Stone Soup version 0.26.1-15-g04117e645d (webtiles) character file.

Game seed: 5940793975163564360

137251 suipiss the Eclecticist (level 16, -15/96 HPs)
             Began as a Mummy Necromancer on Dec 29, 2022.
             Was an Elder of Ashenzari.
             Demolished by a quicksilver dragon simulacrum (20 damage)
             ... on level 2 of the Abyss.
             The game lasted 02:27:25 (51846 turns).

suipiss the Eclecticist (Mummy Necromancer)        Turns: 51846, Time: 02:27:25

Health: -15/96     AC: 22    Str: 14 (15) XL:     16   Next: 38%
Magic:  8/48       EV: 20    Int: 17 (19) God:    Ashenzari [****..]
Gold:   2339       SH:  6    Dex: 14 (15) Spells: 4/53 levels left

rFire    + + .     SeeInvis +   o - +7 dagger of Pain and Death {speed, Dex+3 Stlth+}
rCold    + . .     Faith    .   K - +1 buckler (curse)
rNeg     + + +     Spirit   .   x - +5 steam dragon scales
rPois    ∞         Reflect  .   s - +0 helmet "Tayhu" {rF++ Will+++ rCorr Dex-2} (curse)
rElec    .         Harm     .   l - +2 cloak (curse)
rCorr    +         Rampage  .   r - +2 pair of gloves of the Lost Path {+Fly rPois rCorr SInv} (curse)
Will     +++++     Clarity  +   (no boots)
Stlth    +++.......             d - amulet of the acrobat
HPRegen  0.26/turn              t - ring of Ushrah {rF+ Will+ MP+9 AC+4 Str+3} (curse)
MPRegen  0.31/turn              z - ring of wizardry

@: no status effects
A: no potions, fire vulnerability, cold resistance 1, negative energy resistance
3, torment resistance, unbreathing, in touch with death 1
}: 1/15 runes: gossamer
a: Renounce Religion, Evoke Flight, Curse Item, Scrying


You were on level 2 of the Abyss.
You worshipped Ashenzari.
Ashenzari was greatly pleased with you.
You visited 6 branches of the dungeon, and saw 30 of its levels.
You visited the Abyss 1 time.
You also visited: Bailey.

You collected 3882 gold pieces.
You spent 1543 gold pieces at shops.

Inventory:

Hand Weapons
 j - a +5 dagger of electrocution
 o - the +7 dagger of Pain and Death (weapon) {speed, Dex+3 Stlth+}
   (You found it on level 7 of the Dungeon)

   Attacks with this weapon are significantly faster.
   It affects your dexterity (+3).
   It makes you more stealthy.
 q - the +7 Singing Sword {vorpal, sonic wave}
   (You found it on level 7 of the Dungeon)

   It inflicts extra damage upon your enemies.
 w - the +7 whip of Neurosis {vorpal, rElec}
   (You found it on level 9 of the Dungeon)

   It inflicts extra damage upon your enemies.
   It insulates you from electricity.
Armour
 a - a +1 kite shield of protection
 l - a cursed +2 cloak (worn)
 r - the cursed +2 pair of gloves of the Lost Path (worn) {+Fly rPois rCorr SInv}
   (You acquired it on level 7 of the Dungeon)

   It protects you from poison.
   It lets you see invisible.
   It lets you fly.
   It provides partial protection from all sources of acid and corrosion.
   It has a curse placed upon it.
 s - the cursed +0 helmet "Tayhu" (worn) {rF++ Will+++ rCorr Dex-2}
   (You bought it in a shop on level 1 of the Orcish Mines)

   It affects your dexterity (-2).
   It greatly protects you from fire.
   It affects your willpower, your defense against some magical effects.
   It provides partial protection from all sources of acid and corrosion.
   It has a curse placed upon it.
 x - +5 steam dragon scales (worn)
 K - a cursed +1 buckler (worn)
 M - the +3 leather armour "Xicsot Cudghy" {+Inv rC+++ rN+ Int-3}
   (You found it on level 14 of the Dungeon)

   It affects your intelligence (-3).
   It renders you almost immune to cold.
   It protects you from negative energy.
   It lets you turn invisible.
Jewellery
 c - an uncursed amulet of faith
 d - an amulet of the acrobat (around neck)
 e - an uncursed ring of ice
 k - an uncursed ring of willpower
 n - an uncursed ring of wizardry
 t - the cursed ring of Ushrah (left hand) {rF+ Will+ MP+9 AC+4 Str+3}
   (You found it on level 7 of the Dungeon)

   [ring of protection]

   It affects your AC (+4).
   It affects your strength (+3).
   It protects you from fire.
   It affects your willpower, your defense against some magical effects.
   It affects your magic capacity (+9).
   It has a curse placed upon it.
 z - a ring of wizardry (right hand)
 I - the ring "Taomiur" {rF+ Str+4}
   (You found it on level 3 of the Lair of Beasts)

   [ring of protection from fire]

   It affects your strength (+4).
   It protects you from fire.
 L - an uncursed ring of resist corrosion
Wands
 g - a wand of polymorph (11)
 v - a wand of flame (52)
 y - a wand of disintegration (10)
Scrolls
 b - 18 scrolls of identify
 h - a scroll of silence
 i - 11 scrolls of remove curse
 m - 2 scrolls of immolation
 u - 7 scrolls of enchant weapon
 D - 2 scrolls of magic mapping
 E - 3 scrolls of fear
 F - 2 scrolls of amnesia
 H - 4 scrolls of fog
Miscellaneous
 f - a lightning rod (1/4)
 J - a condenser vane (inert)


   Skills:
 - Level 3.0 Armour
 - Level 9.9(12.0) Dodging
 - Level 1.5(3.1) Stealth
 - Level 3.0(5.0) Shields
 + Level 19.0 Spellcasting
 - Level 3.4 Conjurations
 - Level 3.7 Hexes
 * Level 12.7 Summonings
 - Level 12.5 Necromancy
 - Level 5.8 Ice Magic


You had 4 spell levels left.
You knew the following spells:

 Your Spells              Type           Power        Failure   Level
a - Pain                  Necr           100%         0%          1
b - Animate Skeleton      Necr           100%         0%          1
c - Vampiric Draining     Necr           36%          1%          3
d - Agony                 Necr           73%          1%          5
e - Searing Ray           Conj           56%          1%          2
f - Metabolic Englaciati  Hex/Ice        16%          5%          5
g - Summon Hydra          Summ           28%          6%          7
h - Cause Fear            Hex            14%          3%          4
i - Iskenderun's Mystic   Conj/Tloc      22%          6%          4
j - Summon Demon          Summ           28%          1%          5
k - Summon Mana Viper     Hex/Summ       44%          1%          5
l - Shadow Creatures      Summ           N/A          1%          6
m - Apportation           Tloc           32%          1%          1

Your spell library contained the following spells:

 Spells                   Type           Power        Failure   Level
 Summon Small Mammal      Summ           100%         0%          1
 Corona                   Hex            31%          1%          1
 Foxfire                  Conj/Fire      88%          1%          1
 Magic Dart               Conj           100%         1%          1
 Sandblast                Erth           32%          1%          1
 Sting                    Tmut/Pois      64%          1%          1
 Passwall                 Tmut/Erth      13%          1%          2
 Poisonous Vapours        Pois/Air       32%          1%          2
 Confusing Touch          Hex            28%          1%          3
 Dazzling Flash           Conj/Hex       56%          1%          3
 Static Discharge         Conj/Air       22%          1%          3
 Stone Arrow              Conj/Erth      44%          1%          3
 Tukima's Dance           Hex            28%          1%          3
 Animate Dead             Necr           36%          1%          4
 Summon Lightning Spire   Summ/Air       37%          1%          4
 Mephitic Cloud           Conj/Pois/Air  20%          2%          3
 Fulminant Prism          Conj/Hex       14%          3%          4
 Gell's Gravitas          Tloc           8%           4%          3
 Ignite Poison            Fire/Tmut/Pois 16%          4%          3
 Lesser Beckoning         Tloc           8%           4%          3
 Olgreb's Toxic Radiance  Pois           16%          13%         4
 Petrify                  Tmut/Erth      16%          13%         4
 Death Channel            Necr           36%          1%          6
 Borgnjor's Vile Clutch   Necr/Erth      27%          2%          5
 Summon Forest            Summ/Tloc      18%          2%          5
 Simulacrum               Ice/Necr       31%          4%          6
 Iskenderun's Battlesphe  Conj           28%          9%          5
 Lightning Bolt           Conj/Air       11%          17%         5
 Silence                  Hex/Air        11%          17%         5
 Yara's Violent Unravell  Hex/Tmut       11%          17%         5
 Bolt of Magma            Conj/Fire/Erth 10%          22%         5
 Alistair's Intoxication  Tmut/Pois      10%          34%         5
 Lee's Rapid Deconstruct  Erth           8%           34%         5
 Spellforged Servitor     Conj/Summ      21%          38%         7
 Invisibility             Hex            28%          41%         6
 Conjure Ball Lightning   Conj/Air       11%          65%         6
 Iron Shot                Conj/Erth      11%          65%         6
 Orb of Destruction       Conj           14%          93%         7
 Dragon's Call            Summ           28%          99%         9
 Discord                  Hex            14%          100%        8
 Ignition                 Fire           8%           100%        8
 Shatter                  Erth           8%           100%        9
 Tornado                  Air            8%           100%        9
 Dragon Form              Tmut           Unusable     N/A         7

Dungeon Overview and Level Annotations

Branches:
Dungeon (15/15)            Temple (0/1) D:6            Lair (6/6) D:8
 Shoals (2/4) Lair:4       Spider (4/4) Lair:3        Slime (0/5) Lair:5
    Orc (2/2) D:12            Elf (0/3) Orc:2        Vaults (0/5) D:14
 Depths (1/5) D:15         Bailey (visited)

Altars:
Ashenzari
Elyvilon
Fedhas
Hepliaklqana
Makhleb
Qazlal
Ru
Sif Muna
Trog
Wu Jian
Zin
The Shining One
Beogh

Shops:
D:9 }   D:11 [   Orc:1 *[:(   Orc:2 !*   Shoals:1 ?::=*   Shoals:2 !

Portals:
Hell: Lair:6

Annotations:
Lair:4 exclusion: 3 oklob plants
Spider:4 Bai Suzhen
Orc:2 Jorgrun


Innate Abilities, Weirdness & Mutations

You do not drink.
Your flesh is vulnerable to fire.
You are immune to poison.
Your flesh is cold resistant. (rC+)
You are immune to negative energy. (rN+++)
You are immune to unholy pain and torment.
You can survive without breathing.
You are in touch with the powers of death.


Message History

You erupt in a blast of force!
The mystic blast hits the bone dragon but does no damage.
The mystic blast hits the starspawn tentacle segment.
The starspawn tentacle segment is moderately damaged.
The mystic blast hits the starspawn tentacle.
The starspawn tentacle is moderately damaged.
The mystic blast hits the quicksilver dragon simulacrum but does no damage.
The quicksilver dragon simulacrum is almost destroyed.
The mystic blast hits the starspawn tentacle but does no damage.
The starspawn tentacle is lightly damaged.
You destroy the tentacled starspawn!
The starspawn's tentacles wither and die.
You are engulfed in blazing flames.
You resist.
* * * LOW HITPOINT WARNING * * *
The small abomination is engulfed in blazing flames.
The quicksilver dragon simulacrum bites you!
* * * LOW HITPOINT WARNING * * *
The quicksilver dragon simulacrum freezes you!!
You resist.
You die...

**,* ,,* *
#.......... ,
**,*,**
#.X....○..., ,,,
* ,, ,* *
#.X.....5., ,,,*
* , , ,
#X.°..§.## * **
* ,,,
,*,#)Xx....§§§≈
≈≈ ,,
{{{{#..x..§§§§..
,, , , *, *,
#..D...§§.#* **
, ,* ,* *
#.Z°§#..≈.# ,* ,
, ** *
#☼°@§○..≈.# * *
, ,* ,*
#.......≈.#,* ,≈
**, **
,**,#.......§.#
,, , * ,* * ,
,###.....≈.#*
**, , , ,
#.####§.. * *, *
** ,* *... , ≈##
** * ,* **
,*#.#,* . , , *
,* ,, , #.#, ≈
≈≈≈≈ , , , **, ,
, *, **


You could see a bone dragon, an ancient zyme, a small abomination, a white imp,
a quicksilver dragon simulacrum, 3 friendly starcursed masses and a friendly
large abomination (summoned).

Vanquished Creatures
  2 tentacled starspawn (Abyss:2)
  3 ghost moths (Spider:4)
  An orc warlord (Bailey)
  A dire elephant (Lair:6)
  A spark wasp (Spider:2)
  A merfolk impaler (Shoals:2)
  A fire dragon (Spider:4)
  A vault guard (D:14)
  2 hydras
  3 boulder beetles
  A merfolk avatar (Shoals:2)
  An alligator snapping turtle (Shoals:1)
  6 two-headed ogres
  2 tengu warriors (D:15)
  A death yak (Lair:4)
  A deep troll earth mage (D:15)
  A sixfirhy (Lair:6)
  An unseen horror (D:15)
  3 orc knights (Orc:2)
  3 ugly things
  2 manticores
  6 wolf spiders
  4 orc sorcerers (Orc:2)
  A deep elf mage (D:15)
  A cyclops (Orc:2)
  2 black mambas
  Maurice (Orc:2)
  4 cane toads
  A komodo dragon (Lair:1)
  A demonic crawler (Spider:2)
  An ice devil (Lair:6)
  2 merfolk
  9 jumping spiders
  8 trolls
  A hornet (Spider:2)
  4 slime creatures
  8 blink frogs
  10 tarantellas
  7 wyverns
  21 yaks
  22 redbacks
  A wraith (D:15)
  A vampire (D:12)
  A steam dragon (D:9)
  4 vampire mosquitoes
  A warg (Orc:1)
  A small abomination (Abyss:2)
  Duvessa (D:4)
  3 water moccasins
  8 nameless horrors
  4 ice beasts
  27 orc warriors
  5 phantoms
  3 sky beasts
  17 ogres
  A necrophage (D:6)
  7 wolves
  6 centaurs
  16 bullfrogs
  2 big kobolds
  Dowan (D:4)
  2 scorpions
  19 killer bees
  14 wights
  12 electric eels
  4 howler monkeys
  3 centaur zombies
  Crazy Yiuf (D:4)
  6 bullfrog zombies
  A quasit (D:8)
  8 jellies
  25 orc priests
  6 hounds
  4 iguanas
  15 orc wizards
  2 bullfrog skeletons
  5 centaur skeletons
  8 worker ants
  6 hound skeletons
  A worker ant zombie (D:5)
  3 gnolls
  13 adders
  2 shadow imps
  5 white imps
  8 oozes
  An adder skeleton (D:5)
  A worm (D:5)
  2 dart slugs (D:1)
  7 leopard geckos
  101 orcs
  2 ball pythons
  5 bats
  3 giant cockroaches
  8 goblins
  6 hobgoblins
  9 jackals
  3 quokkas
  3 frilled lizards
  23 kobolds
  A leopard gecko zombie (D:8)
  A quokka skeleton (D:4)
  8 rats
  2 fulminant prisms (Orc:2)
  3 starspawn tentacles (Abyss:2)
624 creatures vanquished.

Vanquished Creatures (collateral kills)
  2 ghost moths (Spider:4)
  3 emperor scorpions
  2 stone giants
  A very ugly thing (D:15)
  2 entropy weavers
  The ghost of greasedhog the Spear-Bearer, a journeyman FoFi of Okawaru (D:14)
  2 dire elephants
  A spark wasp (Spider:4)
  A fire dragon (D:15)
  2 boulder beetles
  7 vault guards (D:14)
  A rakshasa (Abyss:2)
  7 hydras
  A catoblepas (D:14)
  2 centaur warriors
  3 death yaks
  A death knight (Abyss:2)
  A deep troll shaman (Depths:1)
  2 tengu warriors (D:15)
  A thrashing horror (Abyss:2)
  2 wretched stars (Abyss:2)
  5 skeletal warriors
  4 large abominations (Abyss:2)
  3 deep trolls
  2 sea snakes (Shoals:2)
  A deep elf archer (D:15)
  A wizard (Lair:6)
  2 deep elf magi (D:15)
  3 orc knights
  25 wolf spiders
  4 oklob plants (Lair:3)
  3 cyclopes
  7 manticores
  20 orb spiders
  A moth of wrath (D:14)
  A faun (Shoals:1)
  12 elephants
  9 ugly things
  A moth of wrath (shapeshifter) (D:15)
  2 torpor snails
  3 centaur zombies
  2 merfolk sirens (Shoals:2)
  5 orange demons
  2 centaur skeletons (D:15)
  8 cane toads
  A rime drake (Lair:6)
  9 komodo dragons
  A yaktaur (D:15)
  A freezing wraith (Abyss:2)
  An efreet (Abyss:2)
  16 demonic crawlers
  A hellwing (Lair:6)
  3 ancient zymes (Abyss:2)
  5 merfolk
  A wind drake (Shoals:2)
  A queen bee (Lair:3)
  31 jumping spiders
  8 hornets
  A red devil (Lair:6)
  4 blink frogs
  3 slime creatures
  A dream sheep (Lair:6)
  2 snapping turtles (Shoals:1)
  A shadow (D:14)
  22 tarantellas
  49 redbacks
  3 wyverns
  29 yaks
  2 vampires
  A yak (shapeshifter) (D:13)
  16 nameless horrors
  A fire elemental (D:14)
  2 water elementals (Shoals:1)
  4 basilisks
  A chaos spawn (Abyss:2)
  4 vampire mosquitoes
  8 water moccasins
  4 hell hounds (Lair:6)
  4 orc warriors
  An eye of draining (D:13)
  An ice beast (D:14)
  2 wolves
  4 centaurs
  2 ogres
  5 bullfrogs
  8 killer bees (Lair:3)
  12 wights
  An electric eel (Spider:3)
  A lava snake (D:14)
  A quasit (Abyss:2)
  A small abomination (Abyss:2)
  An iron imp (Abyss:2)
  A jelly (Lair:5)
  A hound (D:13)
  3 orc priests (D:15)
  A shadow imp (D:5)
  4 oozes (Lair:5)
  7 orcs
  4 kobolds (D:13)
  A butterfly (Lair:5)
  2 starspawn tentacles (Abyss:2)
476 creatures vanquished.

Vanquished Creatures (others)
  An orb spider (Spider:1)
  A moth of wrath (D:14)
  A nameless horror (Spider:2)
  An orc priest (D:15)
  17 fulminant prisms
  40 fungi
  A lurking horror (Abyss:2)
  121 plants
  7 starspawn tentacles (Abyss:2)
190 creatures vanquished.

Grand Total: 1290 creatures vanquished

Notes
Turn   | Place    | Note
-------+----------+-------------------------------------------
     0 | D:1      | suipiss the Mummy Necromancer began the quest for the Orb.
     0 | D:1      | Reached XP level 1. HP: 13/13 MP: 4/4
    39 | D:1      | Reached skill level 3 in Spellcasting
    50 | D:1      | Reached XP level 2. HP: 7/19 MP: 1/6
    52 | D:1      | Learned a level 1 spell: Animate Skeleton
  1004 | D:1      | Reached XP level 3. HP: 19/24 MP: 4/7
  1009 | D:1      | Learned a level 3 spell: Vampiric Draining
  1829 | D:2      | You fall into a shaft and drop 2 floors!
  1829 | D:4      | Found a burning altar of Makhleb.
  1836 | D:4      | Reached skill level 1 in Armour
  1836 | D:4      | Reached XP level 4. HP: 28/30 MP: 6/9
  2226 | D:3      | Reached skill level 1 in Shields
  2292 | D:3      | Found a stormy altar of Qazlal.
  2444 | D:2      | Found a glowing silver altar of Zin.
  2943 | D:2      | Found a faded altar of an unknown god.
  3300 | D:2      | Found a sacrificial altar of Ru.
  3496 | D:3      | Reached skill level 4 in Spellcasting
  3737 | D:4      | Noticed an ogre
  3742 | D:4      | Reached XP level 5. HP: 35/35 MP: 11/11
  3747 | D:4      | Killed an ogre
  3748 | D:4      | Reached skill level 5 in Necromancy
  4053 | D:4      | Found a runed translucent door.
  4054 | D:4      | Noticed Crazy Yiuf
  4332 | D:4      | Killed Crazy Yiuf
  4333 | D:4      | Reached XP level 6. HP: 41/41 MP: 0/13
  4572 | D:4      | Noticed Duvessa
  4585 | D:4      | Noticed Dowan
  4590 | D:4      | Reached skill level 5 in Spellcasting
  5086 | D:4      | Killed Duvessa
  5087 | D:4      | Reached XP level 7. HP: 28/46 MP: 4/15
  5094 | D:4      | Killed Dowan
  5205 | D:5      | Entered Level 5 of the Dungeon
  5339 | D:5      | Noticed a moth of wrath
  5346 | D:5      | Found a bloodstained altar of Trog.
  5621 | D:5      | Reached skill level 6 in Spellcasting
  5667 | D:5      | Learned a level 5 spell: Agony
  5713 | D:5      | Reached XP level 8. HP: 39/52 MP: 10/17
  6353 | D:6      | Found a broken altar of Ashenzari.
  6377 | D:6      | Became a worshipper of Ashenzari the Shackled
  6447 | D:6      | Found a glowing golden altar of the Shining One.
  6510 | D:6      | Reached skill level 7 in Spellcasting
  6759 | D:6      | Reached skill level 1 in Ice Magic
  6942 | D:6      | Found a staircase to the Ecumenical Temple.
  8116 | D:7      | Got the dagger of Pain and Death {speed, Dex+3 Stlth+}
  8117 | D:7      | Identified the +7 dagger of Pain and Death {speed, Dex+3
                  | Stlth+} (You found it on level 7 of the Dungeon)
  8133 | D:7      | Found a flagged portal.
  8142 | Bailey   | Entered a bailey
  8147 | Bailey   | Noticed an orc warlord
  8232 | Bailey   | Reached skill level 8 in Spellcasting
  8232 | Bailey   | Reached XP level 9. HP: 48/57 MP: 9/21
  8377 | Bailey   | Found a runed translucent gate.
  8377 | Bailey   | Found a runed translucent gate.
  8377 | Bailey   | Found a runed translucent gate.
  8831 | Bailey   | Killed an orc warlord
  8832 | Bailey   | Reached skill level 9 in Spellcasting
  9042 | Bailey   | Got the uncursed ring mail "Sopry" {SInv}
  9053 | Bailey   | Identified the +0 ring mail "Sopry" {SInv} (You found it in
                  | a bailey)
  9136 | D:7      | Identified 2 scrolls of acquirement
  9137 | D:7      | Acquired the cursed +2 pair of gloves of the Lost Path
                  | {+Fly rPois rCorr SInv}
  9144 | D:7      | Acquired a cursed ring of protection from fire
  9690 | D:7      | Found the +7 Singing Sword {vorpal, sonic wave}
  9782 | D:7      | Reached * piety under Ashenzari
  9901 | D:7      | Found a shimmering blue altar of Sif Muna.
 10112 | D:7      | Found a blossoming altar of Fedhas.
 10112 | D:7      | Found a white marble altar of Elyvilon.
 10113 | D:7      | Identified the ring of Ushrah {rF+ Will+ MP+9 AC+4 Str+3}
 10365 | D:8      | Reached XP level 10. HP: 38/63 MP: 23/23
 10401 | D:8      | Reached skill level 10 in Spellcasting
 10557 | D:8      | Reached skill level 5 in Dodging
 10567 | D:8      | Found a staircase to the Lair.
 10722 | D:8      | Reached skill level 5 in Ice Magic
 12517 | D:9      | Got the whip of Neurosis {vorpal, rElec}
 12645 | D:9      | Reached skill level 11 in Spellcasting
 12795 | D:9      | Noticed a two-headed ogre
 12807 | D:9      | Killed a two-headed ogre
 12921 | D:9      | Learned a level 2 spell: Searing Ray
 12934 | D:9      | Reached XP level 11. HP: 60/68 MP: 26/26
 13010 | D:9      | Found Avvujiw's Gadget Emporium.
 13232 | D:9      | Found an ornate altar of the Wu Jian Council.
 13828 | D:10     | Entered Level 10 of the Dungeon
 14778 | D:11     | Reached skill level 12 in Spellcasting
 15494 | D:11     | Found Guoxidac's Armour Emporium.
 15849 | Lair:1   | Entered Level 1 of the Lair of Beasts
 15865 | Lair:1   | Noticed an eight-headed hydra
 16211 | D:12     | Found a staircase to the Orcish Mines.
 16363 | D:12     | Reached ** piety under Ashenzari
 16695 | D:12     | Learned a level 5 spell: Metabolic Englaciation
 16746 | D:12     | Learned a level 4 spell: Fulminant Prism
 17106 | D:12     | Found a hazy altar of Hepliaklqana.
 17142 | D:13     | Noticed a boulder beetle
 17153 | D:13     | Killed a boulder beetle
 17154 | D:13     | Reached skill level 1 in Conjurations
 17154 | D:13     | Reached skill level 1 in Hexes
 17154 | D:13     | Noticed a centaur warrior
 17157 | D:13     | Noticed a boulder beetle
 17682 | Orc:1    | Entered Level 1 of the Orcish Mines
 17682 | Orc:1    | Found Nabah's Assorted Antiques.
 17709 | Orc:1    | Found Ferphoteb's Antique Armour Emporium.
 17719 | Orc:1    | Found Nalywn's Book Shop.
 17822 | Orc:1    | Found Esmadd's Antique Weapon Emporium.
 17993 | Orc:1    | Reached skill level 13 in Spellcasting
 18129 | Orc:2    | Entered Level 2 of the Orcish Mines
 18144 | Orc:2    | Noticed a two-headed ogre
 18197 | Orc:2    | Killed a two-headed ogre
 18198 | Orc:2    | Reached XP level 12. HP: 71/74 MP: 29/29
 18246 | Orc:2    | Noticed a two-headed ogre
 18256 | Orc:2    | Killed a two-headed ogre
 18872 | Orc:2    | Found a roughly hewn altar of Beogh.
 19973 | Orc:2    | Found Seruw's Assorted Antiques.
 19978 | Orc:2    | Bought a scintillating golden ring for 155 gold pieces
 19978 | Orc:2    | Identified the ring of Thoughtfulness {Slay+2 SInv} (You
                  | bought it in a shop on level 2 of the Orcish Mines)
 19997 | Orc:2    | Reached skill level 10 in Necromancy
 20050 | Orc:2    | Found Ecry's Distillery.
 20431 | Orc:2    | Noticed Maurice
 20439 | Orc:2    | Killed Maurice
 20665 | Orc:2    | Found a staircase to the Elven Halls.
 20862 | Orc:2    | Noticed Jorgrun
 20914 | Orc:1    | Bought a scorched helmet for 199 gold pieces
 20919 | Orc:1    | Identified the cursed +0 helmet "Tayhu" {rF++ Will+++ rCorr
                  | Dex-2} (You bought it in a shop on level 1 of the Orcish
                  | Mines)
 20928 | Orc:1    | Bought a book of Summonings for 980 gold pieces
 21024 | Lair:1   | Noticed a seven-headed hydra
 21029 | Lair:1   | Noticed a seven-headed hydra
 21208 | Lair:1   | Reached skill level 14 in Spellcasting
 21208 | Lair:1   | Reached skill level 1 in Summonings
 21332 | Lair:1   | Learned a level 4 spell: Cause Fear
 21337 | Lair:1   | Learned a level 4 spell: Iskenderun's Mystic Blast
 21343 | Lair:1   | Learned a level 5 spell: Summon Demon
 21349 | Lair:1   | Learned a level 5 spell: Summon Mana Viper
 21438 | Lair:1   | Killed an eight-headed hydra
 21526 | Lair:1   | Killed a seven-headed hydra
 21680 | Lair:1   | Gained mutation: You are in touch with the powers of death.
                  | [Mummy growth]
 21680 | Lair:1   | Reached XP level 13. HP: 69/79 MP: 31/31
 22537 | Lair:2   | Reached *** piety under Ashenzari
 24216 | Lair:3   | Identified the ring "Taomiur" {rF+ Str+4}
 24820 | Lair:3   | Found a hole to the Spider Nest.
 25479 | Lair:4   | Reached skill level 15 in Spellcasting
 25699 | Lair:4   | Acquired 922 gold pieces
 26569 | Lair:4   | Found a staircase to the Shoals.
 26630 | Lair:4   | Reached **** piety under Ashenzari
 27219 | Lair:5   | Found a staircase to the Slime Pits.
 27317 | Lair:5   | Reached skill level 5 in Summonings
 28195 | Lair:6   | Entered Level 6 of the Lair of Beasts
 28771 | Lair:6   | Noticed a dire elephant
 28788 | Lair:6   | Killed a dire elephant
 29417 | Lair:6   | Noticed a dire elephant
 29432 | Lair:6   | Killed a dire elephant
 29573 | Lair:6   | Reached XP level 14. HP: 85/85 MP: 33/33
 29608 | Lair:6   | Found a burning altar of Makhleb.
 30110 | Lair:6   | Found a gateway to Hell.
 30819 | D:13     | Reached skill level 16 in Spellcasting
 31390 | D:13     | Learned a level 6 spell: Shadow Creatures
 31725 | D:14     | Found a bloodstained altar of Trog.
 32375 | D:14     | Reached ***** piety under Ashenzari
 32434 | D:14     | Found a transporter.
 32440 | D:14     | Found a bloodstained altar of Trog.
 32440 | D:14     | Identified the +7 scimitar "Devar" {antimagic, rElec rF-
                  | rN++ Will+}
 32443 | D:14     | Noticed greasedhog's ghost (journeyman FoFi)
 32460 | D:14     | Identified the +5 dire flail "Ytos" {antimagic, Str+5}
 32554 | D:14     | Found a transporter.
 32566 | D:14     | Got the uncursed leather armour "Xicsot Cudghy" {+Inv rC+++
                  | rN+ Int-3}
 32577 | D:14     | Identified the +3 leather armour "Xicsot Cudghy" {+Inv
                  | rC+++ rN+ Int-3} (You found it on level 14 of the Dungeon)
 32955 | D:14     | Found a gate to the Vaults.
 34383 | D:14     | Killed greasedhog's ghost
 34513 | D:15     | Entered Level 15 of the Dungeon
 34516 | D:15     | Reduced skill Ice Magic to level 5
 35800 | D:15     | Reached skill level 17 in Spellcasting
 35970 | D:15     | Found a blossoming altar of Fedhas.
 36857 | D:15     | Found a staircase to the Depths.
 36874 | D:15     | Reached skill level 10 in Summonings
 36886 | D:15     | Reached XP level 15. HP: 70/90 MP: 2/36
 37113 | D:15     | Learned a level 7 spell: Summon Hydra
 37341 | Spider:1 | Entered Level 1 of the Spider Nest
 39244 | Spider:2 | Identified the +7 whip of Neurosis {vorpal, rElec} (You
                  | found it on level 9 of the Dungeon)
 41440 | Spider:2 | HP: 3/90 [disintegration (30)]
 42712 | Spider:3 | Reached skill level 18 in Spellcasting
 43948 | Spider:4 | Entered Level 4 of the Spider Nest
 44439 | Spider:4 | Noticed a ghost moth
 44475 | Spider:4 | Noticed a ghost moth
 45197 | Spider:4 | a ghost moth changed into a fire dragon
 45788 | Spider:4 | Noticed Bai Suzhen
 45966 | Spider:4 | Noticed a ghost moth
 46015 | Spider:4 | Killed a ghost moth
 46189 | Spider:4 | Killed a ghost moth
 46441 | Spider:4 | Noticed a ghost moth
 46444 | Spider:4 | Noticed a ghost moth
 46445 | Spider:4 | Noticed a ghost moth
 47115 | Spider:4 | Killed a ghost moth
 47293 | Spider:4 | Reached XP level 16. HP: 96/96 MP: 36/38
 48056 | Spider:4 | Got a gossamer rune of Zot
 48437 | Depths:1 | Entered Level 1 of the Depths
 49338 | Shoals:1 | Entered Level 1 of the Shoals
 49357 | Shoals:1 | Found Iraow's Magic Scroll Shop.
 49367 | Shoals:1 | Found Pystraan's Book Emporium.
 49780 | Shoals:1 | Found Timahot's Jewellery Boutique.
 49860 | Shoals:1 | Found Icrit's Book Shoppe.
 50148 | Shoals:1 | Found Cimorchu's Assorted Antiques.
 50189 | Shoals:1 | Bought a scroll of blinking for 165 gold pieces
 50189 | Shoals:1 | Bought a scroll of fog for 44 gold pieces
 50561 | Shoals:2 | Learned a level 1 spell: Apportation
 50569 | Shoals:2 | Found Wetuops's Distillery.
 51146 | Shoals:2 | Cast into level 2 of the Abyss (merfolk)
 51146 | Abyss:2  | Found a corrupted altar of Lugonu.
 51264 | Abyss:2  | Noticed a lich
 51827 | Abyss:2  | Noticed a tentacled starspawn
 51833 | Abyss:2  | Noticed a tentacled starspawn
 51833 | Abyss:2  | Noticed a bone dragon
 51842 | Abyss:2  | Killed a tentacled starspawn
 51843 | Abyss:2  | Reached skill level 19 in Spellcasting
 51846 | Abyss:2  | Killed a tentacled starspawn
 51846 | Abyss:2  | Demolished by a quicksilver dragon simulacrum

Illustrated notes

Levels and vault maps discovered:
D:1:      heliophobic_arrival_enchanted_forest, layout_basic
D:2:      layout_loops_cross, nicolae_ru_the_path_less_chosen,
          nicolae_overflow_hidden_temple,
          chequers_ecumenical_altar_simple_redux, chequers_serial_rivers_small_a
D:3:      layout_basic, overflow_temple_1_default, minmay_door_square
D:4:      layout_loops_ring, makhleb_heckhound_becter, uniq_duvessa,
          uniq_crazy_yiuf_cottage
D:5:      minmay_clustersquares, layout_basic, tgw_trog
D:6:      layout_layer_cave, cheibrodos_ashenzari_chains,
          minmay_temple_entry_arrows, basic_altar
D:7:      layout_basic, tgw_sif, amethyst_overflow_temple_binary,
          enter_bailey_2, kennysheep_generic_room_15
D:8:      layout_rooms, erik_lair_island, serial_bayou, serial_bayou_pond_c,
          serial_bayou_lagoon_a, serial_bayou_shore_a, serial_bayou_pond_e
D:9:      layout_roguey, nzn_wu_jian_council_hall, serial_aquarium,
          aquarium_bridge_square [aquarium_subvault_wall,
          aquarium_subvault_bridge, aquarium_subvault_window,
          aquarium_subvault_bridge], aquarium_bridge_square
          [aquarium_subvault_wall, aquarium_subvault_bridge,
          aquarium_subvault_wall, aquarium_subvault_wall], aquarium_window_fake,
          aquarium_window_2, aquarium_view_2e, aquarium_pool_2, serial_shops,
          nicolae_shop_stone, hangedman_little_slice_of_home
D:10:     layout_long_grid, chequers_serial_rivers_room_a
D:11:     layout_basic, serial_shops, nicolae_shop_trees
D:12:     layout_basic, orc_0_dummy, lemuel_tele_altar
D:13:     layout_small_grid, grunt_ministairs_2, einodemon_crawler_minivault
D:14:     layout_basic, erik_vaults_2, kennysheep_small_spiral, basic_altar,
          gammafunk_ghost_wrathful_warriors
D:15:     hangedman_depths_entry_try_elsewhere_first, layout_rooms, basic_altar
Lair:1:   layout_hall_layers, infiniplex_staircase_pool_2
Lair:2:   layout_chaotic_city, st_stairs_10, guppyfry_lair_drakes,
          lemuel_fruit_tree
Lair:3:   layout_roguey, spider_nest_entry_funnel_web, special_room
          [special_room_bee], infiniplex_staircase_pool, serial_bayou_shore_b,
          grunt_megastairs_5, minmay_lair_oklob_chamber
Lair:4:   dpeg_oklob_gauntlet, layout_regular_city,
          minmay_shoals_entry_centaurs, beast_lair_carwin_9
Lair:5:   layout_cave_pods, nicolae_slime_entry_slimehenge, lemuel_fruit_fields
Lair:6:   evil_forest, layout_gridlike, serial_bayou_crossing,
          grunt_megastairs_1
Shoals:1: layout_shoals, serial_shops,
          nicolae_shop_temple_entry_statues_fountains, nicolae_shop_crystal,
          shop, nicolae_shop_competitors_out_of_business, shop
Shoals:2: layout_shoals, serial_shops, nicolae_shop_window_shopping
Spider:1: layout_spider_delve
Spider:2: nicolae_spider_corner, nicolae_spider_shape
Spider:3: layout_spider_delve
Spider:4: grunt_spider_rune_parallel, uniq_bai_suzhen
Orc:1:    layout_caves, serial_shops, shop, nicolae_shop_crystal, shop_statue,
          shop
Orc:2:    pubby_orc_utopia, uniq_jorgrun, uniq_maurice
Depths:1: layout_honeycomb, chequers_serial_rivers_micro_b, hell_entry,
          hangedman_abyss_entry_splay, kennysheep_cross_room,
          amcnicky_mini_pool_small, minmay_pinched_square, firewood_loft
Abyss:2:  base: D:14, evilmike_abyss_exit_1, hangedman_abyss_or_decor_clamps

Skill      XL: |  1  2  3  4  5  6  7  8  9 10 11 12 13 14 15 16 |
---------------+-------------------------------------------------+-----
Spellcasting   | 3 4 5 6 8 9 11 13 14 15 17 18 19 | 19.0
Armour         | 1 2 3 |  3.0
Dodging        | 2 3 4 5 6 7 8 9 |  9.9
Shields        | 1 2 3 |  3.0
Necromancy     | 5 6 7 8 9 10 11 12 | 12.5
Ice Magic      | 2 4 6 7 8 5 |  5.8
Conjurations   | 2 3 |  3.4
Hexes          | 2 3 |  3.7
Summonings     | 2 5 10 11 12 | 12.7
Stealth        | |  1.5

Action                   |  1- 3 |  4- 6 |  7- 9 | 10-12 | 13-15 | 16-18 || total
-------------------------+-------+-------+-------+-------+-------+-------++-------
Melee: Whip              |    43 |    23 |       |       |     4 |       ||    70
       Dagger            |       |    66 |   233 |       |  1296 |   234 ||  1829
       Double sword      |       |       |    16 |   412 |    25 |       ||   453
 Cast: Pain              |    40 |    20 |    31 |    89 |     3 |       ||   183
       Vampiric Draining |     1 |    10 |    26 |   125 |   121 |    16 ||   299
       Animate Skeleton  |       |     1 |    10 |    15 |     2 |       ||    28
       Agony             |       |       |     3 |     4 |     1 |       ||     8
       Fulminant Prism   |       |       |       |    15 |     4 |       ||    19
       Searing Ray       |       |       |       |     4 |     2 |       ||     6
       Metabolic Englaci |       |       |       |    13 |    26 |       ||    39
       Summon Mana Viper |       |       |       |     2 |   353 |    23 ||   378
       Summon Demon      |       |       |       |     2 |    81 |       ||    83
       Iskenderun's Myst |       |       |       |       |     5 |     1 ||     6
       Shadow Creatures  |       |       |       |       |    44 |    17 ||    61
       Cause Fear        |       |       |       |       |     2 |     1 ||     3
       Summon Hydra      |       |       |       |       |    51 |    53 ||   104
       Apportation       |       |       |       |       |       |     3 ||     3
Invok: Curse Item        |       |       |     1 |     1 |     1 |       ||     3
       Scrying           |       |       |       |       |     2 |     1 ||     3
       Transfer Knowledg |       |       |       |       |     1 |       ||     1
 Abil: Evoke Flight      |       |       |       |       |       |     1 ||     1
Evoke: Wand              |       |       |     8 |     2 |    18 |       ||    28
       Condenser vane    |       |       |       |       |     4 |     1 ||     5
       Lightning rod     |       |       |       |       |       |     3 ||     3
  Use: Scroll            |     2 |     8 |    10 |    11 |    27 |     2 ||    60
 Stab: Sleeping          |       |     3 |    10 |     3 |     6 |       ||    22
       Distracted        |       |       |       |       |    13 |     8 ||    21
       Confused          |       |       |       |       |     1 |       ||     1
Armor: Robe              |     9 |    11 |    28 |       |       |       ||    48
       Leather armour    |       |       |    31 |   124 |       |       ||   155
       Steam dragon scal |       |       |       |   110 |   647 |    98 ||   855
Dodge: Dodged            |    49 |    85 |   216 |   597 |  1624 |   251 ||  2822
Block: Buckler           |       |       |       |       |   287 |    78 ||   365
       Rpst.: Double sword |       |       |     8 |   174 |    10 |       ||   192
